 Dungeon Crawl Stone Soup version 0.29-a0-721-g7f417c9bbb (webtiles) character file.

Game seed: 8844165477603998715

116 riojii the Trooper (level 5, -1/33 HPs)
             Began as a Gargoyle Fighter on June 27, 2022.
             Killed from afar by an orc wizard (3 damage)
             ... with a puff of flame
             ... on level 3 of the Dungeon.
             The game lasted 00:03:27 (2491 turns).

riojii the Trooper (Gargoyle Fighter)               Turns: 2491, Time: 00:03:27

Health: -1/33      AC: 14    Str: 21    XL:     5   Next: 1%
Magic:  5/5        EV:  7    Int:  9    God:
Gold:   109        SH:  0    Dex:  9    Spells: 4/4 levels left

rFire   . . .      SeeInvis .   a - +0 flail (chaos)
rCold   . . .      Faith    .   c - +0 buckler
rNeg    + . .      Spirit   .   m - +0 chain mail
rPois   ∞          Reflect  +   (no helmet)
rElec   +          Harm     .   (no cloak)
rCorr   .          Rampage  .   b - +0 pair of gloves
Will    .....                   (no boots)
Stlth   ..........              l - amulet of reflection
HPRegen 0.11/turn               (no ring)
MPRegen 0.09/turn               (no ring)

@: confused, mighty
A: sickness immunity, AC +4, negative energy resistance 1, electricity
resistance, torment resistance 1, petrification resistance
a: no special abilities


You were on level 3 of the Dungeon.
You visited 1 branch of the dungeon, and saw 3 of its levels.

You collected 109 gold pieces.

Inventory:

Hand Weapons
 a - a +0 flail of chaos (weapon)
Missiles
 g - a throwing net (quivered)
Armour
 b - a +0 pair of gloves (worn)
 c - a +0 buckler (worn)
 m - a +0 chain mail (worn)
Jewellery
 l - an amulet of reflection (around neck)
Scrolls
 k - a scroll of teleportation
Potions
 e - a potion of magic {unknown}
 f - 2 potions of curing {unknown}
 h - a potion of haste {unknown}
 i - 2 potions of cancellation {unknown}
 j - a potion of ambrosia {unknown}


   Skills:
 + Level 4.0 Fighting
 * Level 3.5 Maces & Flails
 + Level 4.0 Armour
 + Level 3.9 Shields


You had 4 spell levels left.
You didn't know any spells.
Your spell library was empty.

Dungeon Overview and Level Annotations

Branches:
Dungeon (3/15)

Altars:
Gozag


Innate Abilities, Weirdness & Mutations

You are immune to sickness and miasma.
Your stone body is resilient. (AC +4)
You are immune to poison.
You resist negative energy. (rN+)
You are resistant to electric shocks. (rElec)
You are resistant to unholy torment.
You are immune to petrification.


Message History

The orc hits you but does no damage. The adder bites you but does no damage.
You closely miss the adder.
Something hits you but does no damage. x2
The orc throws a boomerang.
The orc hits you but does no damage. The adder bites you but does no damage.
Something hits you but does no damage. The orc hits you with a +0 mace.
Something hits you but does no damage. The adder bites you but does no damage.
You bump into the rock wall.
The adder bites you but does no damage.
Something hits you but does no damage. x2; The orc hits you but does no damage.
You bump into the rock wall.
You feel less confused. The adder bites you but does no damage.
You hear some strange, mumbled words.
You are confused.
Something hits you but does no damage. The orc barely misses you.
You bump into the rock wall.
The adder barely misses you. Something hits you but does no damage.
The orc hits you but does no damage. Something hits you but does no damage.
The orc throws a boomerang.
The boomerang hits you but does no damage.
The adder barely misses you.
You bump into the rock wall.
The adder bites you but does no damage. Something hits you.
* * * LOW HITPOINT WARNING * * *
The orc throws a boomerang.
The boomerang closely misses you. Something hits you.
* * * LOW HITPOINT WARNING * * *
The orc barely misses you.
You miss something. The adder bites you but does no damage.
Something hits you but does no damage. x2; The orc barely misses you.
You completely miss something. The adder bites you.
* * * LOW HITPOINT WARNING * * *
Something hits you.
* * * LOW HITPOINT WARNING * * *
Something hits you.
* * * LOW HITPOINT WARNING * * *
The orc hits you but does no damage. The adder completely misses you.
You bump into the rock wall.
The adder closely misses you.
You hear some strange, mumbled words.
A puff of flame appears from out of thin air!
The puff of flame hits you.
You die...

#.#
.#.###.#.#.######.
#.# #..........# #.#
#....###.### #.#
##.......... #.#
.........# #.#
.........
#.###########.or.####
#..........).o{So...#
##############@#.##.#
#{#


oo. ..... ....... ...#.#.## ###.#.... ..#..... You could see an adder, 5 orcs
and a rat.

Vanquished Creatures
  Crazy Yiuf (D:2)
  Jessica (D:2)
  2 adders (D:2)
  3 orcs (D:3)
  4 bats
  2 endoplasms
  3 giant cockroaches
  4 goblins
  5 hobgoblins
  3 jackals (D:1)
  5 kobolds
  A quokka (D:1)
  2 ball pythons
  A frilled lizard (D:2)
  2 rats
39 creatures vanquished.

Notes
Turn   | Place    | Note
-------+----------+-------------------------------------------
     0 | D:1      | riojii the Gargoyle Fighter began the quest for the Orb.
     0 | D:1      | Reached XP level 1. HP: 14/14 MP: 1/1
   469 | D:1      | Reached XP level 2. HP: 17/19 MP: 2/2
   718 | D:1      | Found a faded altar of an unknown god.
  1279 | D:2      | Reached XP level 3. HP: 19/23 MP: 3/3
  1376 | D:2      | Noticed Jessica
  1399 | D:2      | Killed Jessica
  1471 | D:2      | Reached XP level 4. HP: 27/29 MP: 4/4
  1657 | D:2      | Found an opulent altar of Gozag.
  1678 | D:2      | Found a runed translucent door.
  1679 | D:2      | Noticed Crazy Yiuf
  2111 | D:2      | Killed Crazy Yiuf
  2478 | D:3      | Reached XP level 5. HP: 15/33 MP: 5/5
  2491 | D:3      | Killed from afar by an orc wizard

Illustrated notes

Levels and vault maps discovered:
D:1:      lightli_arrival_lavapool, layout_loops_ring,
          dreamdust_ecumenical_altar_hidden_monk_grotto, kennysheep_another_room
D:2:      layout_basic, basic_altar, uniq_crazy_yiuf_cottage, uniq_jessica
D:3:      layout_basic, serial_shops, nicolae_shop_advertising_works
          [nicolae_subvault_shop_adworks], minmay_surrounded

Skill      XL: |  1  2  3  4 |
---------------+-------------+-----
Maces & Flails | 3 |  3.5
Fighting       | 4 |  4.0
Armour         | 4 |  4.0
Shields        | |  3.9

Action                   |  1- 3 |  4- 6 || total
-------------------------+-------+-------++-------
Melee: Flail             |    86 |    55 ||   141
  Use: Scroll            |     5 |       ||     5
       Potion            |       |     1 ||     1
Armor: Scale mail        |    46 |       ||    46
       Chain mail        |    14 |    77 ||    91
Dodge: Dodged            |    49 |    29 ||    78
Block: Buckler           |    23 |    21 ||    44
       Reflection        |       |     1 ||     1

Table legend: (Time is in decaauts)
 A = Elapsed time spent in this place.
 B = Non-inter-level travel time spent in this place.
 C = Inter-level travel time spent in this place.
 D = Time resting spent in this place.
 E = Time spent auto-exploring this place.
 F = Levels seen in this place.
 G = Mean time per level.
                   A        B        C        D        E       F      G
               +--------+--------+--------+--------+--------+-----+--------+
         Total |   2532 |   2470 |     62 |    203 |   1898 |   3 |  844.0 |
       Dungeon |   2532 |   2470 |     62 |    203 |   1898 |   3 |  844.0 |
               +--------+--------+--------+--------+--------+-----+--------+

Top non-repeatable levels by time:
     D:1: 1208 daAuts
     D:2: 1155 daAuts
     D:3: 169 daAuts
